 Dungeon Crawl Stone Soup version 0.28-a0-268-g3f656e82c2 (console) character file.

Game seed: 9854072028360728791

254 FIQ the Magician (level 6, -4/40 HPs)
             Began as a Djinni Fire Elementalist on Aug 28, 2021.
             Killed by divine providence
             ... invoked by an orc priest
              (15 damage)
             ... on level 4 of the Dungeon.
             The game lasted 00:07:21 (4680 turns).

FIQ the Magician (Djinni Fire Elementalist)         Turns: 4680, Time: 00:07:21

Health: -4/40      AC:  3    Str:  7    XL:     6   Next: 38%
Gold:   57         EV: 12    Int: 19    God:
                   SH:  5    Dex: 13

rFire   + + +      SeeInvis .   h - staff of fire
rCold   x . .      Faith    .   (no shield)
rNeg    . . .      Spirit   .   g - +1 robe {Archmagi}
rPois   ∞          Reflect  +   (no helmet)
rElec   .          Harm     .   (no cloak)
rCorr   .          Rampage  .   (no gloves)
Will    .....      Archmagi +   (boots unavailable)
Stlth   ++........              f - amulet of reflection
HPRegen 0.13/turn               (no ring)
MPRegen 0.00/turn               (no ring)

@: flying
A: sickness immunity, fire resistance 2, cold vulnerability 1, float, innate
caster, hp casting, extra vitality 1
a: no special abilities


You were on level 4 of the Dungeon.
You visited 1 branch of the dungeon, and saw 4 of its levels.

You collected 57 gold pieces.

Inventory:

Armour
 a - a +0 robe
 g - a +1 robe of the Archmagi (worn)
Magical Staves
 h - a staff of fire (weapon)
Jewellery
 f - an amulet of reflection (around neck)
Wands
 c - a wand of flame (24)
 m - a wand of mindburst (18)
Scrolls
 i - a scroll of enchant armour {unknown}
 j - a scroll of fear {unknown}
Potions
 b - a potion of curing {unknown}
 d - a potion of resistance {unknown}
 e - 3 potions of heal wounds
 k - a potion of might {unknown}
 l - a potion of degeneration {unknown}


   Skills:
 - Level 2.1 Dodging
 - Level 1.5 Stealth
 + Level 5.2 Spellcasting


You couldn't memorise any spells.
You knew the following spells:

 Your Spells              Type           Power      Damage    Failure   Level
a - Foxfire               Conj/Fire      100%       2x1d9     1%          1
b - Conjure Flame         Conj/Fire      53%        6-21      4%          3
c - Inner Flame           Hex/Fire       53%        N/A       4%          3
d - Sticky Flame          Conj/Fire      53%        2d7       14%         4
e - Fireball              Conj/Fire      26%        3d12      36%         5
f - Pain                  Necr           100%       1d9       1%          1
g - Ensorcelled Hibernat  Hex/Ice        74%        N/A       2%          2
Your spell library was empty.

Dungeon Overview and Level Annotations

Branches:
Dungeon (4/15)
 Temple: D:4-7

Altars:


Innate Abilities, Weirdness & Mutations

You are immune to sickness and miasma.
You are immune to poison.
Your flesh is very heat resistant. (rF++)
You are vulnerable to cold. (rC-)
You float through the air rather than walking.
You learn spells naturally, not from books.
Your magical power is your life essence.
You have superior vitality. (+4 HP)


Message History

The orc priest invokes the aid of Beogh against you.
Something writhes in agony.
You see here a scorpion corpse.
Your foxfire dissipates!
The orc priest calls down the wrath of Beogh upon you.
Beogh smites you!
You hear a shout!
Casting: Foxfire (safe; 1% risk of failure)
Confirm with . or Enter, or press ? or * to list all spells.
Aiming: Pain (safe; 1% risk of failure)
Press: ? - help, Shift-Dir - straight line, f - orc priest
Aim: an orc priest, wielding a +0 club (inner flame, chance to affect: 84%)
You feel a surge of power!
Something writhes in agony.
* * * LOW HITPOINT WARNING * * *
Something hits you but does no damage.
The orc priest mumbles some strange prayers to Beogh against you.
Something writhes in agony.
Casting: Pain (safe; 1% risk of failure)
Confirm with . or Enter, or press ? or * to list all spells.
Aiming: Pain (safe; 1% risk of failure)
Press: ? - help, Shift-Dir - straight line, f/p - orc priest
Aim: an orc priest, wielding a +0 club (inner flame, chance to affect: 84%)
You feel a surge of power!
Something writhes in agony!
* * * LOW HITPOINT WARNING * * *
Casting: Pain (safe; 1% risk of failure)
Confirm with . or Enter, or press ? or * to list all spells.
Okay, then.
Unknown command.
Unknown command.
Okay, then.
Okay, then.
You hit something.
Reactivating autopickup.
You feel a bit more experienced. The orc priest closely misses you.
Things that are here:
a +0 morningstar; a +0 scale mail The orc priest calls down the wrath of Beogh upon you.
Beogh smites you!
You die... .oo

#.## ##.. #(. ... #.#
#.####)# #$.o.†.#
######)# # #.#
############## #o#
.##..........# #o#######
.....#######.####........
.##..# #....@........
##..## ##############
#..## ..## .## ##


You could see an orc priest (inner flame) and an orc.

Vanquished Creatures
  A scorpion (D:4)
  Jessica (D:2)
  An orc wizard (D:4)
  Ijyb (D:3)
  Terence (D:2)
  3 adders
  An ufetubus (D:3)
  3 dart slugs
  2 orcs
  9 ball pythons
  4 bats
  3 endoplasms
  A goblin (D:1)
  6 hobgoblins
  7 jackals (D:3)
  3 quokkas
  6 frilled lizards
  5 kobolds
  A quokka skeleton (D:4)
59 creatures vanquished.

Vanquished Creatures (others)
  287 foxfires
  5 plants (D:2)
292 creatures vanquished.

Grand Total: 351 creatures vanquished

Notes
Turn   | Place    | Note
-------+----------+-------------------------------------------
     0 | D:1      | FIQ the Djinni Fire Elementalist began the quest for the
                  | Orb.
     0 | D:1      | Reached XP level 1. HP: 15/15 MP: 0/0
   249 | D:1      | Reached XP level 2. HP: 14/21 MP: 0/0
   533 | D:1      | Reached skill level 3 in Spellcasting
  1070 | D:1      | Reached XP level 3. HP: 23/25 MP: 0/0
  1070 | D:1      | Learned a level 1 spell: Pain
  1141 | D:1      | Found a faded altar of an unknown god.
  1293 | D:2      | Noticed Jessica
  1301 | D:2      | Killed Jessica
  1302 | D:2      | Reached XP level 4. HP: 27/31 MP: 0/0
  1713 | D:2      | Noticed Terence
  2143 | D:2      | Reached skill level 4 in Spellcasting
  2182 | D:2      | Killed Terence
  2183 | D:2      | Reached XP level 5. HP: 15/35 MP: 0/0
  2183 | D:2      | Learned a level 2 spell: Ensorcelled Hibernation
  4028 | D:4      | Noticed Ijyb
  4446 | D:3      | Killed Ijyb
  4669 | D:4      | Reached skill level 5 in Spellcasting
  4669 | D:4      | Reached XP level 6. HP: 31/40 MP: 0/0
  4680 | D:4      | Killed from afar by an orc priest

Illustrated notes

Levels and vault maps discovered:
D:1:      lightli_arrival_flooded_house, layout_basic,
          hellmonk_ecumenical_altar_arch_garden, hangedman_decor_push
D:2:      layout_basic, serial_glass, glass_columns_b, glass_columns_b,
          glass_columns_a, glass_columns_c, minmay_shallow_snake_nest,
          uniq_jessica, uniq_terence
D:3:      layout_loops_ring, serial_co_window_serial, co_window_paths_a,
          co_window_corner_a, co_window_cross_1, co_window_paths_a,
          co_window_corner_a, co_window_cross_1, co_window_of_opportunity_b,
          co_window_of_opportunity_c, co_window_corner_b, glass_columns_b,
          glass_columns_a, glass_columns_a
D:4:      layout_loops_ring, minmay_misc_feat_doors, grunt_ministairs_15,
          uniq_grinder, uniq_ijyb, uniq_blork_the_orc

Skill      XL: |  1  2  3  4  5 |
---------------+----------------+-----
Spellcasting   | 3 4 5 |  5.2
Dodging        | |  2.1
Stealth        | |  1.5

Action                   |  1- 3 |  4- 6 || total
-------------------------+-------+-------++-------
Melee: Unarmed           |       |     6 ||     6
       Staff             |       |     5 ||     5
 Cast: Foxfire           |    55 |   127 ||   182
       Sticky Flame      |       |     4 ||     4
       Inner Flame       |       |     1 ||     1
       Pain              |       |     2 ||     2
  Use: Scroll            |       |     2 ||     2
Armor: Robe              |       |    12 ||    12
Dodge: Dodged            |     3 |    35 ||    38
Block: Other             |       |     8 ||     8

Table legend: (Time is in decaauts)
 A = Elapsed time spent in this place.
 B = Non-inter-level travel time spent in this place.
 C = Inter-level travel time spent in this place.
 D = Time resting spent in this place.
 E = Time spent auto-exploring this place.
 F = Levels seen in this place.
 G = Mean time per level.
                   A        B        C        D        E       F      G
               +--------+--------+--------+--------+--------+-----+--------+
         Total |   4682 |   4601 |     81 |    224 |   3931 |   4 | 1170.5 |
       Dungeon |   4682 |   4601 |     81 |    224 |   3931 |   4 | 1170.5 |
               +--------+--------+--------+--------+--------+-----+--------+

Top non-repeatable levels by time:
     D:3: 1829 daAuts
     D:2: 1474 daAuts
     D:1: 1273 daAuts
     D:4: 105 daAuts
